 Dungeon Crawl Stone Soup version 0.20.1-1-g8b1a95d (webtiles) character file.

1663 HammerPanzer the Basher (level 8, 0/65 HPs)
             Began as a Demonspawn Berserker on Oct 29, 2017.
             Was an Elder of Trog.
             Slain by an iguana (4 damage)
             ... on level 6 of the Dungeon.
             The game lasted 00:17:35 (6488 turns).

HammerPanzer the Basher (Demonspawn Berserker)      Turns: 6488, Time: 00:17:37

Health: 0/65       AC: 25    Str: 20    XL:     8   Next: 69%
Magic:  8/8        EV:  0    Int:  8    God:    Trog [****..]
Gold:   345        SH:  6    Dex: 13    Spells: 7/7 levels left

rFire    + . .     SeeInvis .   a - +0 mace
rCold    . . .     Gourm    .   x - -1 shield
rNeg     . . .     Faith    +   u - +0 crystal plate armour
rPois    .         Spirit   .   (no helmet)
rElec    .         Reflect  .   (no cloak)
rCorr    .         Harm     .   (no gloves)
MR       .....                  B - +0 pair of boots
Stlth    ..........             k - amulet of faith
Regen    0.2/turn               m - ring of protection from fire
MPRegen  0.2/turn               (no ring)

@: lethally poisoned (0 -> -1), sanguine armour, berserk cooldown, slowed, very
slow
A: hooves 1, nightstalker 1, sanguine armour 2
a: Berserk, Trog's Hand, Brothers in Arms, Burn Spellbooks, Renounce Religion


You were on level 6 of the Dungeon.
You worshipped Trog.
Trog was greatly pleased with you.
You were hungry.

You visited 1 branch of the dungeon, and saw 7 of its levels.

You collected 345 gold pieces.

Inventory:

Hand Weapons
 a - a +0 mace (weapon)
Armour
 u - a +0 crystal plate armour (worn)
 x - a -1 shield (worn)
 B - a +0 pair of boots (worn)
Jewellery
 k - an amulet of faith (around neck)
 m - a ring of protection from fire (left hand)
Wands
 y - a wand of flame (22/48)
Scrolls
 e - 5 scrolls of identify
 f - 3 scrolls of remove curse
 h - 3 scrolls of teleportation
 j - a scroll of immolation {unknown}
 n - a scroll of acquirement {unknown}
 o - a scroll of noise {unknown}
 w - 3 scrolls of recharging
 D - a scroll of fog {unknown}
Potions
 b - a potion of cancellation
 d - 3 potions of heal wounds
 g - a potion of brilliance {unknown}
 i - a potion of resistance
 l - a potion of ambrosia
 p - 2 potions of agility
 q - a potion of flight
 s - a potion of lignification
 v - a potion of haste
 z - 2 potions of curing
Books
 A - a book of Minor Magic

   Spells                             Type                      Level
   a - Magic Dart                     Conjuration                  1
   b - Blink                          Translocation                2
   c - Call Imp                       Summoning                    2
   d - Slow                           Hexes                        2
   e - Conjure Flame                  Conjuration/Fire             3
   f - Mephitic Cloud                 Conjuration/Poison/Air       3
   Trog disapproves of the use of such an item.
Comestibles
 c - 5 bread rations
 r - 2 chunks of flesh
 t - 10 fruits
 C - a royal jelly


   Skills:
 + Level 6.9 Fighting
 * Level 8.9 Maces & Flails
 - Level 1.7 Armour
 - Level 1.7 Dodging


You had 7 spell levels left.
You didn't know any spells.

Dungeon Overview and Level Annotations

Branches:
Dungeon (7/15)             Temple (0/1) D:4

Altars:
Ashenzari
Gozag
Nemelex Xobeh
Okawaru
Ru
The Shining One


Innate Abilities, Weirdness & Mutations

You have large cloven feet.
You are slightly more attuned to the shadows.
When seriously injured, your bleeding wounds create thick armour. (AC +9)


Message History

You closely miss the iguana.
The iguana is severely wounded.
You feel sick.
The quokka bites you but does no damage.
The iguana bites you but does no damage.
The quokka bites you.
* * * LOW HITPOINT WARNING * * *
The iguana bites you but does no damage.
You hit the iguana.
The iguana is severely wounded.
The quokka bites you but does no damage.
The quokka completely misses you. The iguana completely misses you.
You hit the iguana.
The iguana is almost dead.
You feel sick.
The quokka bites you but does no damage.
The iguana bites you but does no damage.
The quokka bites you but does no damage.
The iguana bites you.
You die...

....#.. ##...#>### #.#
....#.. ##..#.# #.#
...[#. ##.#.# #.# ....#
###.# #.# ..##
#.#######.# .#.#.##
######.........#
....... .).############
.##########.###########
.# ..........r@l.....
.# #####.#####...### >#
##.##......... .#
#.h.#.##...### .#
#...S..##### .#
#[(.#..# .# # #####..#
.####.# #..# #.....#
#r.#


You could see an iguana and a quokka.

Vanquished Creatures
  The ghost of othur the Cleaver, an amateur MiCK of Xom (D:4)
  Sigmund (D:5)
  A water moccasin (D:6)
  3 ice beasts
  A bullfrog (D:7)
  A wyvern skeleton (D:6)
  3 howler monkeys
  A bullfrog zombie (D:5)
  4 hounds
  A centaur zombie (D:6)
  2 jellies
  An orc priest (D:4)
  Natasha (thrice) (D:2)
  Terence (D:2)
  2 orc wizards
  A killer bee zombie (D:6)
  A hound zombie (D:4)
  14 adders
  An ooze (D:3)
  2 adder skeletons
  3 worms
  4 dart slugs
  2 leopard geckos
  9 orcs
  3 giant cockroaches
  6 goblins
  8 hobgoblins
  2 jackals (D:2)
  9 kobolds
  3 quokkas
  3 ball pythons
  9 bats
  4 frilled lizards
  4 rats
114 creatures vanquished.

Notes
Turn   | Place    | Note
-------+----------+-------------------------------------------
     0 | D:1      | HammerPanzer the Demonspawn Berserker began the quest for the Orb.
     0 | D:1      | Reached XP level 1. HP: 18/18 MP: 1/1
   105 | D:1      | Reached skill level 3 in Maces & Flails
   463 | D:1      | Gained mutation: You have large cloven feet. [demonic ancestry]
   463 | D:1      | Reached XP level 2. HP: 21/24 MP: 2/2
  1091 | D:2      | Gained mutation: When seriously injured, your bleeding wounds create armour. (AC +9) [demonic ancestry]
  1091 | D:2      | Reached XP level 3. HP: 15/29 MP: 3/3
  1369 | D:2      | Noticed Natasha
  1377 | D:2      | Killed Natasha
  1433 | D:2      | Reached skill level 4 in Maces & Flails
  1452 | D:2      | Reached XP level 4. HP: 30/36 MP: 4/4
  1503 | D:2      | Noticed Natasha
  1508 | D:2      | Killed Natasha
  1586 | D:2      | Noticed Natasha
  1586 | D:2      | Noticed Terence
  1618 | D:1      | Reached ** piety under Trog
  2157 | D:2      | Found a sparkling altar of Nemelex Xobeh.
  2220 | D:2      | Killed Natasha
  2220 | D:2      | Reached XP level 5. HP: 35/42 MP: 5/5
  2422 | D:2      | Found an iron altar of Okawaru.
  2480 | D:2      | Killed Terence
  2859 | D:3      | Found a glowing golden altar of the Shining One.
  2957 | D:4      | Reached skill level 5 in Maces & Flails
  2975 | D:4      | Noticed othur's ghost (amateur MiCK)
  2976 | D:4      | Noticed an ogre
  3004 | D:3      | HP: 2/43 [poisoned by othur's ghost]
  3012 | D:3      | HP: 1/43 [poisoned by othur's ghost]
  3498 | D:3      | Found a faded altar of an unknown god.
  3524 | D:3      | Gained mutation: You are slightly more attuned to the shadows. [demonic ancestry]
  3524 | D:3      | Reached XP level 6. HP: 49/49 MP: 6/6
  3930 | D:5      | Entered Level 5 of the Dungeon
  3998 | D:4      | Killed othur's ghost
  3998 | D:4      | Reached skill level 5 in Fighting
  3998 | D:4      | Reached skill level 6 in Maces & Flails
  3998 | D:4      | Gained mutation: When seriously injured, your bleeding wounds create thick armour. (AC +9) [demonic ancestry]
  3998 | D:4      | Reached XP level 7. HP: 56/56 MP: 7/7
  4200 | D:4      | Reached *** piety under Trog
  4421 | D:4      | Found a staircase to the Ecumenical Temple.
  5000 | D:5      | Found an opulent altar of Gozag.
  5000 | D:5      | Noticed Sigmund
  5004 | D:5      | Killed Sigmund
  5004 | D:5      | Reached skill level 7 in Maces & Flails
  5243 | D:5      | Found a sacrificial altar of Ru.
  5408 | D:5      | Reached XP level 8. HP: 48/64 MP: 8/8
  5910 | D:6      | Reached skill level 8 in Maces & Flails
  6099 | D:6      | Found a shattered altar of Ashenzari.
  6470 | D:6      | Reached **** piety under Trog
  6488 | D:6      | Slain by an iguana

Skill      XL: |  1  2  3  4  5  6  7  8 |
---------------+-------------------------+-----
Maces & Flails | 3 4 5 6 7 8 |  8.9
Fighting       | 4 5 6 |  6.9
Armour         | |  1.7
Dodging        | |  1.7

Action                   |  1- 3 |  4- 6 |  7- 9 || total
-------------------------+-------+-------+-------++-------
Melee: Mace              |    67 |   159 |   237 ||   463
       Kick              |    12 |    45 |    13 ||    70
Invok: Berserk           |     1 |     8 |     5 ||    14
       Burn Spellbooks   |       |     1 |     1 ||     2
  Use: Scroll            |       |    13 |     1 ||    14
 Stab: Paralysed         |       |       |     1 ||     1
  Eat: Chunk             |     1 |     8 |     5 ||    14
       Royal jelly       |       |     1 |       ||     1
       Bread ration      |       |     1 |       ||     1
       Meat ration       |       |     1 |     1 ||     2
Armor: Animal skin       |    11 |    12 |       ||    23
       Chain mail        |       |    42 |       ||    42
       Scale mail        |       |    19 |       ||    19
       Crystal plate arm |       |    41 |   212 ||   253
Dodge: Dodged            |    37 |    84 |    11 ||   132
Block: Shield            |       |       |    72 ||    72
